[Event "Titled Tuesday Blitz June 15 2021"]
[White "Rodriguez, Santiago"]
[Black "Niemann, Hans Moke"]
[WhiteFideId "3000591"]
[BlackFideId "2093596"]
[WhiteElo "2256"]
[BlackElo "2492"]
[Result "0-1"]
[Round "01"]
[TimeControl "180+1"]
[Date "2021.06.15"]
[WhiteClock "0:00:02"]
[BlackClock "0:00:55"]

1. d4 Nf6 2. Bg5 d5 3. Bxf6 gxf6 4. c4 dxc4 5. e3 c5 6. Bxc4 cxd4 7. exd4 Bg7 8. Nc3 O-O 9. Nge2 Nc6 10. O-O Bf5 11. d5 Ne5 12. Bb3 Qb6 13. Nd4 Bg6 14. Na4 Qb4 15. a3 Qa5 16. f4 b5 17. Nc3 Qb6 18. f5 Bh5 19. Qxh5 Qxd4+ 20. Kh1 a6 21. Rad1 Qg4 22. Qxg4 Nxg4 23. Rde1 Ne5 24. Rf4 Bh6 25. Rd4 Rfd8 26. d6 Rxd6 27. Rxd6 exd6 28. Rd1 Rd8 29. Nd5 Kg7 30. g3 Rc8 31. Kg2 a5 32. a4 bxa4 33. Bxa4 Rb8 34. b3 Rc8 35. Ne7 Rc2+ 36. Kh3 Be3 37. Rxd6 Bg1 38. g4 Rc3+ 39. Kg2 Bc5 40. Rc6 Nxc6 41. Nxc6 Bb6 42. h3 Bc7 43. Ne7 Rg3+ 44. Kf2 Rxh3 45. Nd5 Be5 46. Ne3 Bd4 0-1


[Site "https://www.chess.com"]

[Event "Titled Tuesday Blitz June 15 2021"]
[White "Sarana, Alexey"]
[Black "Zemach, Roee"]
[WhiteFideId "24133795"]
[BlackFideId "2818531"]
[WhiteElo "2629"]
[BlackElo "2131"]
[Result "1-0"]
[Round "01"]
[TimeControl "180+1"]
[Date "2021.06.15"]
[WhiteClock "0:01:02"]
[BlackClock "0:00:02"]

1. e4 e5 2. Nf3 Nc6 3. Bc4 Bc5 4. c3 Nf6 5. d3 O-O 6. O-O d5 7. exd5 Nxd5 8. Re1 Bg4 9. Nbd2 Nb6 10. h3 Bh5 11. b4 Bd6 12. Bb3 Re8 13. Ne4 Bg6 14. a4 a5 15. b5 Ne7 16. Be3 Nd7 17. Qe2 Nf5 18. Bg5 Be7 19. Rad1 h6 20. Bc1 Bd6 21. g4 Nh4 22. Be3 Nxf3+ 23. Qxf3 Nf6 24. Nxf6+ Qxf6 25. Qxf6 gxf6 26. Bxh6 Rad8 27. Be3 b6 28. f3 Bc5 29. Bxc5 bxc5 30. Bc4 Rd6 31. Kf2 Red8 32. Re3 Kf8 33. Kg3 Kg7 34. h4 Bh7 35. f4 exf4+ 36. Kxf4 Kf8 37. Rd2 R6d7 38. h5 Kg7 39. Kg3 Kh6 40. Kh4 Kg7 41. Rf3 Rd6 42. Kg3 Kh6 43. Kf4 Kg7 44. Ke3 Kh6 45. Rf4 Kg5 46. Rf1 Re8+ 47. Kf2 Kxg4 48. Rg1+ Kxh5 49. Bxf7+ Kh6 50. Bxe8 1-0


[Site "https://www.chess.com"]

[Event "Titled Tuesday Blitz June 15 2021"]
[White "Saravana, Krishnan P."]
[Black "Hansen, Eric"]
[WhiteFideId "5018382"]
[BlackFideId "2606771"]
[WhiteElo "2245"]
[BlackElo "2568"]
[Result "0-1"]
[Round "01"]
[TimeControl "180+1"]
[Date "2021.06.15"]
[WhiteClock "0:00:06"]
[BlackClock "0:00:04"]

1. e4 c5 2. Nf3 e6 3. g3 Nc6 4. Bg2 e5 5. O-O Nf6 6. Re1 d6 7. c3 Be7 8. d4 exd4 9. cxd4 Bg4 10. d5 Ne5 11. Nc3 O-O 12. Bf4 Nfd7 13. a4 a6 14. a5 Re8 15. Ra3 Nc4 16. Ra2 Nce5 17. Ra3 c4 18. Re3 Nd3 19. b3 Rc8 20. bxc4 Nxf4 21. gxf4 Rxc4 22. h3 Bh5 23. Qd3 Rb4 24. e5 Rxf4 25. e6 Nc5 26. exf7+ Bxf7 27. Qd2 Rb4 28. Nd4 Bg5 29. f4 Rxe3 30. Qxe3 Bf6 31. Nce2 Qe8 32. Qxe8+ Bxe8 33. Nf5 Bb5 34. Re3 Rb2 35. Ned4 Bd7 36. Ne6 h5 37. Bf3 g6 38. Nfd4 Rb4 39. Ne2 Kf7 40. f5 gxf5 41. Bxh5+ Kg8 42. Rg3+ Kh8 43. N2f4 Nxe6 44. dxe6 Bc6 45. Ng6+ Kh7 46. Nf8+ Kh6 47. Be2 Bd4+ 48. Kf1 Rb1+ 49. Bd1 Rxd1+ 50. Ke2 Ra1 51. e7 Ra2+ 52. Kd3 Be5 53. Rg6+ Kh5 54. Rg8 Ra3+ 55. Kc4 Ra4+ 56. Kb3 Re4 57. Ne6 Bf6 58. e8=Q+ Bxe8 59. Rxe8 d5 60. Kc2 f4 61. Kd3 f3 0-1


[Site "https://www.chess.com"]

[Event "Titled Tuesday Blitz June 15 2021"]
[White "Tabatabaei, M. Amin"]
[Black "Karimov, Alisher"]
[WhiteFideId "12521213"]
[BlackFideId "14700280"]
[WhiteElo "2555"]
[BlackElo "2186"]
[Result "1-0"]
[Round "01"]
[TimeControl "180+1"]
[Date "2021.06.15"]
[WhiteClock "0:00:58"]
[BlackClock "0:00:09"]

1. d4 Nf6 2. Nf3 e6 3. Bf4 b6 4. e3 Bb7 5. a4 a6 6. Be2 Be7 7. h3 O-O 8. O-O c5 9. Nbd2 d6 10. c3 Nbd7 11. Bh2 Re8 12. Qb3 Bc6 13. Nc4 Bd5 14. Qc2 Nf8 15. Rfd1 cxd4 16. exd4 b5 17. axb5 axb5 18. Rxa8 Bxa8 19. Na3 b4 20. cxb4 N8d7 21. Nb5 Qb6 22. Qc7 Rb8 23. Qxb6 Rxb6 24. Ra1 Bxf3 25. gxf3 g5 26. Ra7 Bf8 27. f4 gxf4 28. Bxf4 Nd5 29. Bd2 N7f6 30. Bd3 Nh5 31. Bc4 Nhf6 32. Kf1 Ne4 33. Be1 Nf4 34. Ra8 d5 35. Nc7 dxc4 36. b5 Nd5 37. Nxd5 exd5 38. Bb4 Nc5 1-0


[Site "https://www.chess.com"]

[Event "Titled Tuesday Blitz June 15 2021"]
[White "Terry, Renato"]
[Black "Danfii"]
[WhiteFideId "3803457"]
[WhiteElo "2581"]
[BlackElo "2501"]
[Result "1-0"]
[Round "01"]
[TimeControl "180+1"]
[Date "2021.06.15"]
[WhiteClock "0:01:09"]
[BlackClock "0:00:17"]

1. e4 e5 2. Nf3 Nc6 3. c3 d5 4. Qa4 f6 5. Bb5 dxe4 6. Bxc6+ bxc6 7. Qxc6+ Bd7 8. Qxe4 Bd6 9. d4 f5 10. Qe2 e4 11. Ne5 Bxe5 12. dxe5 Qe7 13. Bf4 Nh6 14. Bxh6 gxh6 15. Qh5+ Kd8 16. Qxh6 Qxe5 17. Nd2 Kc8 18. Qa6+ Kb8 19. O-O-O Qb5 20. Qa3 Kc8 21. Nb3 Rg8 22. Nc5 Bc6 23. Rd4 a5 24. Rhd1 a4 25. Ne6 Kb7 26. Rb4 Rae8 27. Rxb5+ Bxb5 28. Nxc7 Kxc7 29. Qc5+ Bc6 30. Rd6 1-0


[Site "https://www.chess.com"]

[Event "Titled Tuesday Blitz June 15 2021"]
[White "Yoo, Christopher Woojin"]
[Black "Kholin, Aleksandr"]
[WhiteFideId "30909694"]
[BlackFideId "14179385"]
[WhiteElo "2009"]
[BlackElo "2491"]
[Result "1/2-1/2"]
[Round "01"]
[TimeControl "180+1"]
[Date "2021.06.15"]
[WhiteClock "0:00:08"]
[BlackClock "0:00:16"]

1. d4 Nf6 2. Nf3 e6 3. c4 d5 4. Nc3 Bb4 5. Qb3 c5 6. dxc5 Na6 7. a3 Ba5 8. Bg5 O-O 9. Rd1 Nxc5 10. Qc2 Bxc3+ 11. Qxc3 Nce4 12. Qe5 Qa5+ 13. Bd2 Nxd2 14. Nxd2 Ne4 15. g3 Bd7 16. Bg2 Ba4 17. b4 Qd8 18. Rc1 Nxd2 19. Kxd2 dxc4+ 20. Ke1 Rc8 21. Bxb7 Rc7 22. Be4 c3 23. Bd3 c2 24. f3 Qc8 25. Kf2 Rd8 26. b5 Rd5 27. Qe4 Bxb5 28. Qxh7+ Kf8 29. Bxb5 Rxb5 30. Qh8+ Ke7 31. Qxg7 Qd7 32. h4 Qd2 33. h5 Rcc5 34. h6 Re5 35. Rhe1 Qd4+ 36. Kg2 Rbc5 37. Qg8 Qd2 38. Kf2 Qe3+ 39. Kg2 Qd2 40. Kf2 Rc3 41. h7 Rxf3+ 42. Kxf3 Qd5+ 43. Kf2 Qd4+ 44. Kg2 Qe4+ 45. Kg1 Qe3+ 46. Kg2 Qe4+ 47. Kf1 Rf5+ 48. Kg1 Qe3+ 49. Kg2 Qe4+ 50. Kg1 Qe3+ 51. Kg2 Rf2+ 52. Kg1 Rxe2+ 53. Kh1 Rxe1+ 54. Rxe1 Qxe1+ 55. Kg2 Qe2+ 56. Kh3 Qh5+ 57. Kg2 c1=Q 58. h8=Q Qxh8 59. Qxh8 Qd2+ 60. Kh3 Qd6 61. Qh4+ Kd7 62. Qf6 Qe7 63. Qd4+ Ke8 64. Qa4+ Kf8 65. Qf4 Kg7 66. Qd4+ f6 67. Qg4+ Kf7 68. Qh5+ Kf8 69. Qh8+ Kf7 70. Qh7+ Ke8 71. Qg8+ Kd7 72. Qa8 Qc5 73. Qb7+ Kd6 74. Qb8+ Qc7 75. Qf8+ Qe7 76. Qb8+ Qc7 77. Qf8+ Kd5 78. Qxf6 Qe5 79. Qxe5+ Kxe5 80. Kg2 Ke4 81. Kf2 e5 82. Ke2 a5 83. a4 Kd4 84. Kd2 e4 85. Ke2 Kd5 86. Ke3 Ke5 87. g4 Kd5 88. g5 Ke5 89. g6 Kf6 90. Kxe4 Kxg6 91. Kd5 Kf5 92. Kc5 Ke5 93. Kb5 Kd5 94. Kxa5 Kc5 95. Ka6 Kc6 96. a5 Kc7 97. Ka7 Kc8 98. a6 Kc7 99. Ka8 Kc8 100. a7 Kc7 1/2-1/2


[Site "https://www.chess.com"]

[Event "Titled Tuesday Blitz June 15 2021"]
[White "Zhigalko, Sergei"]
[Black "Ronka, Erik"]
[WhiteFideId "13502956"]
[BlackFideId "505080"]
[WhiteElo "2662"]
[BlackElo "2264"]
[Result "1-0"]
[Round "01"]
[TimeControl "180+1"]
[Date "2021.06.15"]
[WhiteClock "0:01:18"]
[BlackClock "0:00:53"]

1. e4 c6 2. d4 d5 3. e5 Bf5 4. Nf3 e6 5. Be2 c5 6. Be3 Qb6 7. Nc3 Nc6 8. dxc5 Bxc5 9. Bxc5 Qxc5 10. Nb5 Kf8 11. Nbd4 Bg6 12. O-O Nge7 13. c3 h6 14. Re1 Kg8 15. h3 Kh7 16. Bd3 Rhd8 17. Re3 Nxd4 18. Nxd4 Bxd3 19. Qxd3+ Kh8 20. Rf3 Rf8 21. Qe3 Nc6 22. Rd1 Nxd4 23. Rxd4 a5 24. Rf6 Kh7 25. Qd3+ Kh8 26. Rh4 g6 27. Rxh6+ Kg7 28. Rhxg6+ 1-0


[Site "https://www.chess.com"]

[Event "Titled Tuesday Blitz June 15 2021"]
[White "Abrashkin, Boris"]
[Black "Jobava, Baadur"]
[WhiteFideId "4120582"]
[BlackFideId "13601520"]
[WhiteElo "2601"]
[BlackElo "2748"]
[Result "0-1"]
[Round "02"]
[TimeControl "180+1"]
[Date "2021.06.15"]
[WhiteClock "0:00:02"]
[BlackClock "0:01:03"]

1. d4 d5 2. c4 c6 3. Nc3 Nf6 4. e3 g6 5. Nf3 Bg7 6. Bd3 O-O 7. O-O Bf5 8. Bxf5 gxf5 9. cxd5 cxd5 10. Qb3 b6 11. Ne5 e6 12. Bd2 Nbd7 13. f4 Rc8 14. Rac1 Nxe5 15. fxe5 Ne4 16. Nxe4 dxe4 17. Rxc8 Qxc8 18. Rc1 Qd7 19. Qc4 Bxe5 20. Be1 Bd6 21. Bh4 Be7 22. Bg3 Rd8 23. Qa6 Bd6 24. Bh4 Re8 25. Bf6 h6 26. Qc4 Kh7 27. g3 Kg6 28. Bh4 h5 29. Kg2 f6 30. h3 Re7 31. d5 Be5 32. dxe6 Qd2+ 33. Kh1 Rc7 34. Qxc7 Bxc7 35. Rxc7 Qd1+ 36. Kh2 Qe2+ 37. Kh1 Qxb2 38. e7 Kf7 0-1


[Site "https://www.chess.com"]

[Event "Titled Tuesday Blitz June 15 2021"]
[White "ADEBAYO, Adegboyega Joel"]
[Black "Gormally, Daniel W"]
[WhiteFideId "8500282"]
[BlackFideId "406465"]
[WhiteElo "2283"]
[BlackElo "2543"]
[Result "0-1"]
[Round "02"]
[TimeControl "180+1"]
[Date "2021.06.15"]
[WhiteClock "0:00:02"]
[BlackClock "0:01:16"]

1. d4 Nf6 2. Bg5 Ne4 3. Bf4 d6 4. Nd2 Bf5 5. f3 Nxd2 6. Qxd2 Nd7 7. e4 Bg6 8. Bc4 e5 9. Be3 Be7 10. Ne2 c6 11. a4 a5 12. c3 Qc7 13. O-O O-O 14. Ng3 Kh8 15. f4 exf4 16. Bxf4 Bh4 17. Nf5 Bxf5 18. exf5 Rae8 19. Qd3 Nb6 20. Bb3 Qd8 21. d5 c5 22. c4 Bf6 23. Bc2 Bd4+ 24. Kh1 Qf6 25. Rab1 Nd7 26. Qg3 Be5 27. Qb3 Bxf4 28. Rxf4 Re2 29. h3 Ne5 30. Kh2 Qg5 0-1


[Site "https://www.chess.com"]

[Event "Titled Tuesday Blitz June 15 2021"]
[White "Aitbayev, Aslan"]
[Black "Senthil Maran K"]
[WhiteFideId "13704613"]
[BlackFideId "25035681"]
[WhiteElo "2417"]
[BlackElo "2194"]
[Result "0-1"]
[Round "02"]
[TimeControl "180+1"]
[Date "2021.06.15"]
[WhiteClock "0:00:09"]
[BlackClock "0:00:16"]

1. e4 c6 2. d4 d5 3. Nc3 dxe4 4. Nxe4 Bf5 5. Ng3 Bg6 6. h4 h6 7. Nf3 Nd7 8. h5 Bh7 9. Bd3 Bxd3 10. Qxd3 e6 11. Bd2 Ngf6 12. O-O-O Be7 13. Ne4 Qb6 14. Kb1 Rd8 15. Qe2 c5 16. dxc5 Nxc5 17. Nxc5 Bxc5 18. Bc3 O-O 19. Bxf6 gxf6 20. Nd2 Bxf2 21. Ne4 Bd4 22. c3 Be5 23. g4 Rxd1+ 24. Rxd1 Rd8 25. Rxd8+ Qxd8 26. Kc2 Qd5 27. Qf3 Qxa2 28. Nxf6+ Bxf6 29. Qxf6 Qa4+ 30. Kb1 Qxg4 31. Qxh6 a5 32. Ka2 a4 33. Ka3 b5 34. Ka2 Qc4+ 35. Ka1 Qg4 36. Ka2 e5 37. Ka3 e4 38. Ka2 Qe6+ 39. Qxe6 fxe6 40. Kb1 Kh7 41. Kc2 Kh6 42. Kd2 Kxh5 43. Ke3 Kg5 44. Kxe4 Kf6 45. Kd4 e5+ 46. Kc5 e4 47. Kxb5 e3 48. Kxa4 e2 49. b4 e1=Q 50. c4 Qc3 51. Kb5 Ke6 52. Kc5 Kd7 53. b5 Kc7 54. Kd5 Kb6 0-1


[Site "https://www.chess.com"]

[Event "Titled Tuesday Blitz June 15 2021"]
[White "Al-Tarboush, Ward"]
[Black "Willow, Jonah B"]
[WhiteFideId "7601450"]
[BlackFideId "438804"]
[WhiteElo "2319"]
[BlackElo "2261"]
[Result "0-1"]
[Round "02"]
[TimeControl "180+1"]
[Date "2021.06.15"]
[WhiteClock "0:00:04"]
[BlackClock "0:01:00"]

1. d4 Nf6 2. Nf3 e6 3. Nc3 c5 4. d5 exd5 5. Nxd5 d6 6. Bg5 Be7 7. Nxe7 Qxe7 8. e3 O-O 9. Qd2 Qe6 10. Bxf6 Qxf6 11. O-O-O Rd8 12. e4 Nc6 13. Bc4 Bg4 14. Rhg1 Bxf3 15. gxf3 Ne5 16. Be2 Nxf3 17. Bxf3 Qxf3 18. Qg5 g6 19. e5 h6 20. Qxh6 dxe5 21. Rxg6+ fxg6 22. Qxg6+ Kf8 23. Qh6+ Ke7 24. Qg7+ Ke6 25. Qh6+ Qf6 26. Qh3+ Qf5 27. Qh6+ Kf7 28. Rg1 Qf4+ 0-1


[Site "https://www.chess.com"]

[Event "Titled Tuesday Blitz June 15 2021"]
[White "Andrews, Todd"]
[Black "Weetik, Vjacheslav"]
[WhiteFideId "2012456"]
[BlackFideId "4153472"]
[WhiteElo "2397"]
[BlackElo "2469"]
[Result "1-0"]
[Round "02"]
[TimeControl "180+1"]
[Date "2021.06.15"]
[WhiteClock "0:00:21"]
[BlackClock "0:00:05"]

1. e4 d5 2. exd5 Qxd5 3. Nc3 Qd6 4. h3 Nf6 5. Nf3 a6 6. d4 b5 7. Bd3 Bb7 8. Qe2 Nc6 9. Ne4 Nxe4 10. Bxe4 e6 11. c3 Be7 12. O-O O-O 13. Bd2 Na5 14. Rad1 Bxe4 15. Qxe4 Qd5 16. Qg4 Rfe8 17. Rfe1 Nc4 18. Bh6 Bf8 19. b3 Nd6 20. Re5 Qc6 21. Rd3 f5 22. Qh5 gxh6 23. Nh4 Bg7 24. Rg3 Re7 25. Qxh6 Ne4 26. Rxg7+ Rxg7 27. Nxf5 1-0


[Site "https://www.chess.com"]

[Event "Titled Tuesday Blitz June 15 2021"]
[White "Annaberdiyev, Babageldi"]
[Black "Siniauski, Artsiom"]
[WhiteFideId "14000385"]
[BlackFideId "13512269"]
[WhiteElo "2332"]
[BlackElo "2212"]
[Result "0-1"]
[Round "02"]
[TimeControl "180+1"]
[Date "2021.06.15"]
[WhiteClock "0:00:10"]
[BlackClock "0:00:06"]

1. e4 e6 2. d4 d5 3. e5 c5 4. c3 Qb6 5. Nf3 Bd7 6. Be2 Bb5 7. O-O Bxe2 8. Qxe2 Qa6 9. c4 Qxc4 10. Qxc4 dxc4 11. Na3 Nc6 12. dxc5 Bxc5 13. Nxc4 Nge7 14. Be3 Bxe3 15. Nd6+ Kd7 16. fxe3 f6 17. Rad1 Kc7 18. exf6 gxf6 19. Nb5+ Kb6 20. Nbd4 e5 21. Ne6 Rhg8 22. Nd2 f5 23. Nc4+ Kb5 24. b3 Kb4 25. Rd7 b5 26. Nxe5 Nxe5 27. Rxe7 Rge8 28. Rxe8 Rxe8 29. Nd4 Nd3 30. Rxf5 a6 31. Rf6 Kc3 32. Rxa6 Rxe3 33. Nf3 Re2 34. h3 Nf4 35. Nh4 b4 36. a3 Re1+ 37. Kh2 Kxb3 38. axb4 Kxb4 39. Rf6 Nd5 40. Rh6 Re7 41. Nf3 Rg7 42. h4 Ne3 43. Rb6+ Kc5 44. Rb2 Kd5 45. g3 Ke4 46. Ng5+ Kf5 47. Rg2 Nxg2 48. Kxg2 Kg4 49. Nf3 Ra7 50. Nh2+ Kf5 51. Kh3 Ra2 52. Ng4 Ra3 53. Nh6+ Kg6 54. Ng4 h5 55. Ne5+ Kf5 56. Nf7 Ke4 57. Ng5+ Ke3 58. Ne6 Kf2 59. Ng5 Rxg3+ 60. Kh2 Ra3 61. Ne6 Kf3 62. Kh3 Ke4+ 63. Kg2 Kf5 64. Ng5 Kg4 65. Ne6 Kxh4 66. Kh2 Ra2+ 0-1


[Site "https://www.chess.com"]

[Event "Titled Tuesday Blitz June 15 2021"]
[White "Aradhya, Garg"]
[Black "Sinitsina, Anastassia"]
[WhiteFideId "25006746"]
[BlackFideId "4504640"]
[WhiteElo "2146"]
[BlackElo "2179"]
[Result "1-0"]
[Round "02"]
[TimeControl "180+1"]
[Date "2021.06.15"]
[WhiteClock "0:00:06"]
[BlackClock "0:00:01"]

1. d4 Nf6 2. c4 g6 3. g3 Bg7 4. Bg2 O-O 5. Nc3 d6 6. Nf3 Nbd7 7. Bf4 c6 8. O-O Qc7 9. d5 Nc5 10. Nd4 Bd7 11. Rc1 Rad8 12. h3 Qc8 13. Kh2 Rfe8 14. Qd2 e5 15. dxe6 Nxe6 16. Be3 Nc5 17. Bg5 Qb8 18. Rfd1 Bc8 19. b4 Ncd7 20. Bxc6 bxc6 21. Nxc6 Qc7 22. Nxd8 Qxd8 23. Bf4 Qb6 24. e3 Qxb4 25. Bxd6 Qxc4 26. Nd5 Qxd5 27. Qxd5 Nxd5 28. Rxd5 Nf6 29. Ra5 Ne4 30. Bf4 Nxf2 31. Rxa7 Bxh3 32. Rc2 g5 33. Rxf2 gxf4 34. Kxh3 fxe3 35. Re2 Bc3 36. Ra3 Bd2 37. Rd3 Ra8 38. a3 Kg7 39. Kg2 Kg6 40. Kf3 f5 41. Rd6+ Kg5 42. Rd5 Rxa3 43. g4 Ra4 44. Rxf5+ Kg6 45. Rd5 Ra7 46. Rd6+ Kg5 47. Rd5+ Kg6 48. Rh2 Rf7+ 49. Ke2 Re7 50. Rd6+ Kg7 51. Rdh6 1-0


[Site "https://www.chess.com"]

[Event "Titled Tuesday Blitz June 15 2021"]
[White "Assaubayeva, Bibisara"]
[Black "Villegas, Pierre"]
[WhiteFideId "13708694"]
[BlackFideId "654183"]
[WhiteElo "2232"]
[BlackElo "2411"]
[Result "1-0"]
[Round "02"]
[TimeControl "180+1"]
[Date "2021.06.15"]
[WhiteClock "0:00:48"]
[BlackClock "0:00:25"]

1. d4 d5 2. c4 e6 3. Nc3 a6 4. Nf3 Nf6 5. cxd5 exd5 6. Bg5 Be6 7. e3 Nbd7 8. Bd3 Bd6 9. Qc2 c6 10. O-O Qc7 11. Rab1 O-O 12. b4 b5 13. Rfc1 Bg4 14. Ne5 h6 15. Bxf6 Nxf6 16. h3 Be6 17. f4 Rac8 18. Ne2 Ne4 19. Bxe4 dxe4 20. Qxe4 Bxa2 21. Rb2 Bd5 22. Qd3 f6 23. Nxc6 Bxc6 24. d5 Qb6 25. dxc6 Rxc6 26. Qd5+ 1-0


[Site "https://www.chess.com"]

[Event "Titled Tuesday Blitz June 15 2021"]
[White "Balakrishnan, Praveen"]
[Black "Skliarov, Viktor"]
[WhiteFideId "2064871"]
[BlackFideId "14106736"]
[WhiteElo "2237"]
[BlackElo "2344"]
[Result "1-0"]
[Round "02"]
[TimeControl "180+1"]
[Date "2021.06.15"]
[WhiteClock "0:00:10"]
[BlackClock "0:00:03"]

1. Nf3 g6 2. c4 Bg7 3. Nc3 Nf6 4. e4 d6 5. d3 c5 6. Be2 O-O 7. O-O Nc6 8. h3 Rb8 9. Be3 a6 10. d4 cxd4 11. Nxd4 Nxd4 12. Bxd4 b5 13. cxb5 axb5 14. e5 Ne8 15. Nxb5 dxe5 16. Bc5 Bd7 17. a4 e4 18. Qc2 Bxb5 19. axb5 Nd6 20. b6 Rxb6 21. Bxb6 Qxb6 22. Rab1 Rc8 23. Qd2 e3 24. fxe3 Ne4 25. Qd3 Ng3 26. Rf3 Nxe2+ 27. Qxe2 Qb3 28. e4 Qb6+ 29. Kh1 h5 30. b4 Bd4 31. b5 e5 32. Qa2 Rc7 33. Rbf1 Qb7 34. Qb3 Kg7 35. Rf6 Re7 36. b6 Bc5 37. Qb5 Bd4 38. Rc6 Rd7 39. Rfc1 Rd8 40. Qb3 Rf8 41. Qd5 Qa6 42. b7 Qe2 43. Rc8 Be3 44. Rxf8 1-0


[Site "https://www.chess.com"]

[Event "Titled Tuesday Blitz June 15 2021"]
[White "Baskin, Robert"]
[Black "Alekseenko, Kirill"]
[WhiteFideId "24662402"]
[BlackFideId "4135539"]
[WhiteElo "2462"]
[BlackElo "2580"]
[Result "0-1"]
[Round "02"]
[TimeControl "180+1"]
[Date "2021.06.15"]
[WhiteClock "0:00:01"]
[BlackClock "0:01:01"]

1. d4 d5 2. c4 dxc4 3. e4 Nf6 4. e5 Nd5 5. Bxc4 Nb6 6. Bb3 Nc6 7. Ne2 Bf5 8. Nbc3 e6 9. O-O Qd7 10. Be3 O-O-O 11. Qc1 Kb8 12. Rd1 Nb4 13. Ng3 Bg6 14. Nge4 N4d5 15. Nc5 Qc8 16. a4 Nxc3 17. bxc3 Nd5 18. Bxd5 Rxd5 19. c4 Rd8 20. Qb2 Bxc5 21. dxc5 Rxd1+ 22. Rxd1 Rd8 23. Rd4 Be4 24. a5 a6 25. Rxd8 Qxd8 26. Qd4 Qxd4 27. Bxd4 Bd3 28. f4 Bxc4 29. c6 Bd5 30. cxb7 Kxb7 31. Kf2 Kc6 32. g4 Kb5 33. Bc3 Kc4 34. Be1 Kd3 35. Bb4 Ke4 36. Kg3 Kd4 37. Bf8 c5 38. Bxg7 c4 39. f5 c3 40. fxe6 fxe6 41. Kf2 c2 42. Bh6 Kxe5 43. Ke2 Kd4 44. Kd2 Be4 45. h4 Kc4 46. Bf4 Kb3 47. Kc1 Kc3 48. g5 Bg6 49. Bg3 Kd3 50. Be1 Ke2 51. Bg3 Kf3 52. Be1 Kg4 53. Bf2 e5 54. Kd2 Bd3 55. Be1 e4 56. Bf2 Kf3 57. Be1 e3+ 58. Kc1 Kg2 59. h5 Kf1 60. Bh4 Bf5 61. g6 hxg6 0-1


[Site "https://www.chess.com"]

[Event "Titled Tuesday Blitz June 15 2021"]
[White "Bazeev, German"]
[Black "Willychess95"]
[WhiteFideId "24119350"]
[WhiteElo "2462"]
[BlackElo "2560"]
[Result "0-1"]
[Round "02"]
[TimeControl "180+1"]
[Date "2021.06.15"]
[WhiteClock "0:00:07"]
[BlackClock "0:00:33"]

1. d4 Nf6 2. Nf3 e6 3. c4 Bb4+ 4. Bd2 a5 5. g3 O-O 6. Bg2 d5 7. cxd5 exd5 8. O-O c6 9. Bf4 Bf5 10. Qb3 Qc8 11. Nc3 Re8 12. Bxb8 Rxb8 13. e3 Bd6 14. Rac1 Qd7 15. Na4 Ne4 16. Qd1 h6 17. Nd2 Nxd2 18. Qxd2 b6 19. Nc3 h5 20. Rfe1 h4 21. e4 dxe4 22. Bxe4 h3 23. Qg5 Bxe4 24. Nxe4 Be7 25. Qf4 Qd5 26. a3 f5 0-1


[Site "https://www.chess.com"]

[Event "Titled Tuesday Blitz June 15 2021"]
[White "Bologan, Victor"]
[Black "Dimic, Pavle"]
[WhiteFideId "13900048"]
[BlackFideId "937428"]
[WhiteElo "2511"]
[BlackElo "2216"]
[Result "1-0"]
[Round "02"]
[TimeControl "180+1"]
[Date "2021.06.15"]
[WhiteClock "0:01:16"]
[BlackClock "0:00:32"]

1. e4 c5 2. Nf3 d6 3. c3 Nf6 4. Bd3 Nc6 5. O-O g6 6. h3 Bg7 7. Bc2 O-O 8. d4 d5 9. e5 Ne4 10. Be3 Bf5 11. Na3 cxd4 12. cxd4 a6 13. Rc1 Rc8 14. Qe2 Qb6 15. Bb3 Be6 16. Rfd1 f5 17. exf6 exf6 18. Nd2 Nxd2 19. Qxd2 Rfe8 20. Rc5 Rcd8 21. Nb1 Bf8 22. Rcc1 Ne7 23. Nc3 Nf5 24. Bf4 g5 25. Bh2 Kg7 26. Na4 Bd6 27. Nxb6 1-0


[Site "https://www.chess.com"]

[Event "Titled Tuesday Blitz June 15 2021"]
[White "Brunner, Nicolas"]
[Black "Mekhitarian, Krikor Sevag"]
[WhiteFideId "620246"]
[BlackFideId "2107660"]
[WhiteElo "2372"]
[BlackElo "2598"]
[Result "0-1"]
[Round "02"]
[TimeControl "180+1"]
[Date "2021.06.15"]
[WhiteClock "0:00:02"]
[BlackClock "0:00:15"]

1. d4 Nf6 2. c4 e6 3. g3 d5 4. Nf3 h6 5. Bg2 Bd6 6. O-O O-O 7. Nc3 b6 8. Nd2 Bb7 9. e4 dxe4 10. Ndxe4 Nc6 11. Nxd6 Qxd6 12. Bf4 Qd7 13. d5 exd5 14. Nxd5 Nxd5 15. Qxd5 Rad8 16. Qxd7 Rxd7 17. Rad1 Rfd8 18. Rxd7 Rxd7 19. Re1 Kf8 20. Bh3 Rd4 21. b3 Nb4 22. Bxc7 Nxa2 23. Bf5 g6 24. Be5 Rd8 25. Bb1 Nb4 26. Bc7 Rd7 27. Bf4 g5 28. Be5 Nc6 29. Bb2 Nd4 30. Bxd4 Rxd4 31. f3 Bxf3 32. Kf2 g4 33. Re3 Rd2+ 34. Ke1 Rd1+ 35. Kf2 Rxb1 0-1


[Site "https://www.chess.com"]

[Event "Titled Tuesday Blitz June 15 2021"]
[White "Can, Emre"]
[Black "Berend, Elvira"]
[WhiteFideId "6302181"]
[BlackFideId "4000510"]
[WhiteElo "2503"]
[BlackElo "2340"]
[Result "1-0"]
[Round "02"]
[TimeControl "180+1"]
[Date "2021.06.15"]
[WhiteClock "0:00:10"]
[BlackClock "0:00:05"]

1. Nf3 Nf6 2. c4 g6 3. Nc3 Bg7 4. e4 d6 5. d4 O-O 6. h3 Na6 7. Bg5 c5 8. d5 Nc7 9. Bd3 a6 10. a4 Rb8 11. O-O Nd7 12. Qd2 b5 13. axb5 axb5 14. cxb5 Nb6 15. b3 Bd7 16. Rfe1 Re8 17. Rad1 Qc8 18. Bc4 Ra8 19. e5 Bxh3 20. gxh3 Qxh3 21. Qf4 h6 22. Bh4 g5 23. Bxg5 hxg5 24. Nxg5 Qh5 25. Be2 Qg6 26. Bd3 Qh5 27. Bh7+ Kh8 28. Be4 Kg8 29. Rd3 Bxe5 30. Qf5 e6 31. dxe6 fxe6 32. Qg6+ Qxg6 33. Bxg6 Bxc3 34. Rxc3 Re7 35. Rg3 Rg7 36. Nxe6 Nxe6 37. Rxe6 Rd8 38. f4 Nd5 39. f5 Nf4 40. Re4 Nxg6 41. fxg6 d5 42. Re5 d4 43. Rxc5 d3 44. Rc1 d2 45. Rd1 Rd6 46. Kf2 Rf6+ 47. Ke2 Rgxg6 48. Rxg6+ Rxg6 49. Rxd2 Rb6 50. Rd5 Kf7 51. Kd3 Ke6 52. Kc4 Rb8 53. Rd1 Rc8+ 54. Kb4 Rc2 55. b6 Ke7 56. Kb5 Rc3 57. b4 1-0


[Site "https://www.chess.com"]

[Event "Titled Tuesday Blitz June 15 2021"]
[White "Cruz, Jonathan"]
[Black "Devaev, Alexander"]
[WhiteFideId "3802124"]
[BlackFideId "4169395"]
[WhiteElo "2381"]
[BlackElo "2185"]
[Result "1-0"]
[Round "02"]
[TimeControl "180+1"]
[Date "2021.06.15"]
[WhiteClock "0:02:43"]
[BlackClock "0:02:45"]

1. Nf3 Nf6 2. d4 e6 3. e3 c5 4. Bd3 b6 5. Nbd2 Bb7 6. O-O d5 7. c3 Nbd7 8. Re1 Bd6 9. e4 dxe4 10. Nxe4 Nxe4 11. Bxe4 Bxe4 12. Rxe4 O-O 13. dxc5 bxc5 14. Qxd6 1-0


[Site "https://www.chess.com"]

[Event "Titled Tuesday Blitz June 15 2021"]
[White "De Silva, L M S T"]
[Black "Ambartsumova, Karina"]
[WhiteFideId "9953698"]
[BlackFideId "4166299"]
[WhiteElo "1621"]
[BlackElo "2262"]
[Result "1-0"]
[Round "02"]
[TimeControl "180+1"]
[Date "2021.06.15"]
[WhiteClock "0:00:15"]
[BlackClock "0:00:02"]

1. Nf3 Nf6 2. b3 g6 3. Bb2 Bg7 4. c4 O-O 5. e3 c5 6. Be2 b6 7. O-O Bb7 8. d4 cxd4 9. Nxd4 d5 10. Bf3 e6 11. Nc3 Na6 12. Qe2 Nc5 13. Rfd1 Qe7 14. cxd5 exd5 15. Ba3 Rfd8 16. Na4 Rac8 17. Rac1 Nfe4 18. Bxe4 dxe4 19. Qb5 a6 20. Qe2 Qf6 21. Nxc5 bxc5 22. Bxc5 h5 23. b4 h4 24. h3 Qg5 25. a4 Re8 26. Bd6 Qf6 27. Bh2 Qe7 28. b5 axb5 29. axb5 Be5 30. Bxe5 Qxe5 31. Nc6 Bxc6 32. bxc6 Qe6 33. Qb5 Rc7 34. Rd2 Rec8 35. Rdc2 Kg7 36. Rc5 Qe7 37. Qc4 Qe8 38. Qd4+ Kg8 39. Re5 Re7 40. Rxe7 Qxe7 41. Qd5 Rc7 42. Rc4 Qe8 43. Qd6 Qc8 44. Qf6 Qe8 45. Rc5 Qe6 46. Qd8+ Kg7 47. Qxc7 1-0


[Site "https://www.chess.com"]